AoeStats
← THL

Arabia

508796397Analyzed
1v1 RM · 9d ago on Sep 24, 2026· 19m 53s· 2 players
Game mode
Random Map
Map size
Tiny (2 player)
Population
200
Speed
Normal
Resources
Standard
Victory
Conquest
Starting age
Dark Age
Ending age
Imperial Age
RankedLock teamsTeams togetherTeam positionsShared explorationLock speedFull tech treeHidden civsTurbo modeCheats
Victory
Defeat
🇻🇳 Vietnamese · Vietnam
1747
+17
1761
-17
THL
6:37 Loom
9:21 Feudal Age
9:54 Double-Bit Axe
9:31 Man-at-Arms
15:44 Fletching
17:21 Padded Archer Armor
22:19 Castle Age
ELEG | Huitzilopochtli
6:14 Loom
9:03 Feudal Age
9:40 Double-Bit Axe
13:25 Horse Collar
15:41 Bloodlines
Connection lost

Rejoining the realm…

Still unreachable

The connection could not be restored.

Session expired

The server has moved on; the page needs a fresh start.